 Dungeon Crawl Stone Soup version 0.30.1-11-g7821555f0a (webtiles) character file.

Game seed: 1946673026765320169

268 ChiefBigBeans the Shield-Bearer (level 6, -7/40 HPs)
             Began as a Gargoyle Fighter on Nov 9, 2023.
             Was an Initiate of Yredelemnul.
             Mangled by an orc warrior
             ... wielding a +0 war axe
              (10 damage)
             ... on level 4 of the Dungeon.
             The game lasted 00:06:42 (3595 turns).

ChiefBigBeans the Shield-Bearer (Gargoyle Fighter)  Turns: 3595, Time: 00:06:43

Health: -7/40      AC: 18    Str: 22    XL:     6   Next: 21%
Magic:  6/6        EV: 11    Int:  8    God:    Yredelemnul [......]
Gold:   171        SH:  4    Dex:  9    Spells: 5/5 levels left

rFire   . . .        a - +1 flail
rCold   . . .        c - +0 buckler
rNeg    + . .        n - +0 plate armour
rPois   ∞            k - +1 helmet
rElec   +            (no cloak)
rCorr   .            (no gloves)
SInv    .            (no boots)
Will    .....        (no amulet) Stlth
                     r - +5 ring of evasion
HPRegen 0.26/turn    (no ring)
MPRegen 0.10/turn

%: no passive effects
@: no status effects
A: sickness immunity, AC +4, negative energy resistance 1, electricity
resistance, torment resistance 1, petrification resistance
a: Renounce Religion, Recall Undead Harvest


You were on level 4 of the Dungeon.
You worshipped Yredelemnul.
Yredelemnul was noncommittal.
You visited 1 branch of the dungeon, and saw 4 of its levels.

You collected 171 gold pieces.

Inventory:

Hand Weapons
 a - a +1 flail (weapon)
Armour
 c - a +0 buckler (worn)
 k - a +1 helmet (worn)
 n - a +0 plate armour (worn)
Jewellery
 r - a +5 ring of evasion (left hand)
Scrolls
 e - 3 scrolls of identify
 f - a scroll of blinking
 i - a scroll of amnesia
Potions
 b - 2 potions of resistance {unknown}
 d - 3 potions of might
 j - a potion of curing
 l - 2 potions of flight
 p - a potion of haste


   Skills:
 + Level 5.0 Fighting
 + Level 3.9 Maces & Flails
 - Level 3.2 Armour
 + Level 5.0 Shields


You had 5 spell levels left.
You didn't know any spells.
Your spell library contained the following spells:

 Spells                   Type           Power      Damage    Failure   Level
 Shock                    Conj/Air       0%         1d3       100%        1
 Sting                    Tmut/Pois      0%         1d3       100%        1
 Poisonous Vapours        Pois/Air       0%         N/A       100%        2
 Swiftness                Air            0%         N/A       100%        3
 Airstrike                Air            0%         2d(0-16)  100%        4
 Olgreb's Toxic Radiance  Pois           0%         N/A       100%        4


Dungeon Overview and Level Annotations

Branches:
Dungeon (4/15)
 Temple: D:4-7

Altars:
Kikubaaqudgha
Trog
Yredelemnul
Zin

Shops:
D:2 !


Innate Abilities, Weirdness & Mutations

You are immune to sickness and miasma.
Your stone body is resilient. (AC +4)
You are immune to poison.
You resist negative energy. (rN+)
You are resistant to electric shocks. (rElec)
You are resistant to unholy torment.
You are immune to petrification.


Message History

The orc warrior hits your gnoll bouda zombie with a +0 war axe!
You hit the orc warrior but do no damage.
The orc warrior is heavily wounded.
Your gnoll bouda zombie barely misses the orc warrior.
The orc warrior barely misses you.
The orc warrior hits your gnoll bouda zombie with a +0 war axe!
You closely miss the orc warrior.
The orc warrior is heavily wounded.
The orc warrior hits you with a +0 war axe!
The orc warrior hits your gnoll bouda zombie with a +0 war axe!
Your gnoll bouda zombie completely misses the orc warrior.
You closely miss the orc warrior.
The orc warrior is heavily wounded.
The orc warrior misses you.
The orc warrior hits your endoplasm zombie with a +0 war axe.
The orc warrior hits your gnoll bouda zombie with a +0 war axe.
Your gnoll bouda zombie is destroyed!
Your endoplasm zombie hits the orc warrior but does no damage.
You closely miss the orc warrior.
The orc warrior is heavily wounded.
The orc warrior hits you but does no damage.
The orc warrior hits your endoplasm zombie with a +0 war axe.
Your endoplasm zombie is destroyed!
The orc warrior closely misses you.
You hit the orc warrior.
The orc warrior is severely wounded.
The orc warrior hits you but does no damage.
You hit the orc warrior but do no damage.
The orc warrior is severely wounded.
The orc warrior hits you with a +0 war axe!
* * * LOW HITPOINT WARNING * * *
You thump the orc warrior!
The orc warrior is almost dead.
The orc warrior hits you but does no damage.
You closely miss the orc warrior.
The orc warrior is almost dead.
The orc warrior hits you but does no damage.
The orc warrior hits you with a +0 war axe!
You die...
Your body rises from the dead as a mindless zombie.

##.### .....# ###
##.#.## #._. ##Z...#
#.).# ####..# #...#
......# #...#
..#...#######...##
............##...##
.#....#####..##o@.##
.#.##.# #.Z###...#
.#.##.# #..#.#...#
......# #.Z#.#..##
#...### #..Z....#
#...########.....##
#.....<..##.......#
#...####.###......## ..
................##.#...


You could see an orc warrior.

Vanquished Creatures
  A gnoll bouda (D:4)
  An iguana (D:3)
  An adder (D:4)
  3 worms
  A dart slug (D:2)
  5 orcs (D:3)
  5 ball pythons
  4 bats
  6 endoplasms
  4 giant cockroaches
  8 hobgoblins
  5 jackals (D:1)
  8 kobolds
  9 quokkas
  5 frilled lizards
  2 goblins
  3 rats
71 creatures vanquished.

Vanquished Creatures (collateral kills)
  A scorpion (D:4)
  A hound (D:4)
  A shadow imp (D:3)
  2 worms
  2 hobgoblins (D:3)
  A quokka (D:4)
  2 frilled lizards (D:3)
10 creatures vanquished.

Vanquished Creatures (others)
  A scorpion zombie (D:4)
  A gnoll zombie (D:4)
  An adder zombie (D:4)
  A bat zombie (D:3)
  A hobgoblin (D:2)
  An endoplasm zombie (D:4)
  A kobold (D:2)
  A kobold zombie (D:3)
  2 orc zombies (D:3)
  2 quokka zombies
12 creatures vanquished.

Grand Total: 93 creatures vanquished

Notes
Turn   | Place    | Note
-------+----------+-------------------------------------------
     0 | D:1      | ChiefBigBeans the Gargoyle Fighter began the quest for the
                  | Orb.
     0 | D:1      | Reached XP level 1. HP: 14/14 MP: 1/1
   155 | D:1      | Reached XP level 2. HP: 15/19 MP: 2/2
   583 | D:1      | Reached XP level 3. HP: 22/24 MP: 3/3
  1074 | D:2      | Found Juzodonn's Distillery.
  1952 | D:2      | Reached XP level 4. HP: 28/29 MP: 4/4
  2221 | D:3      | Found a basalt altar of Yredelemnul.
  2288 | D:3      | Became a worshipper of Yredelemnul the Dark
  2506 | D:3      | Reached * piety under Yredelemnul
  2695 | D:3      | Reached XP level 5. HP: 30/34 MP: 5/5
  3026 | D:4      | Found a glowing silver altar of Zin.
  3215 | D:4      | Reached ** piety under Yredelemnul
  3215 | D:4      | Reached XP level 6. HP: 38/40 MP: 6/6
  3257 | D:4      | Reached skill level 5 in Fighting
  3257 | D:4      | Reached skill level 5 in Shields
  3446 | D:4      | Found an ancient bone altar of Kikubaaqudgha.
  3565 | D:4      | Noticed an orc warrior
  3566 | D:4      | Found a bloodstained altar of Trog.
  3593 | D:4      | HP: 2/40 [orc warrior/+0 war axe (13)]
  3595 | D:4      | Mangled by an orc warrior

Illustrated notes

Levels and vault maps discovered:
D:1:      kennysheep_arrival_seaside, layout_loops_cross
D:2:      layout_basic, serial_shops, shop, minmay_misc_feat_nine_boxes
D:3:      minmay_recursive_quarters, layout_rooms, mainiacjoe_overflow_catwalk
D:4:      layout_loops_cross, zin_academy, mainiacjoe_overflow_surrounded_room,
          nzn_overflow_gifts_of_might_and_magic, minmay_ruptured

Skill      XL: |  1  2  3  4  5  6 |
---------------+-------------------+-----
Fighting       | 4 5 |  5.0
Shields        | 4 5 |  5.0
Maces & Flails | 3 |  3.9
Armour         | |  3.2

Action                     |  1- 3 |  4- 6 || total
---------------------------+-------+-------++-------
  Melee: Flail             |   174 |   148 ||   322
 Invoke: Dark Bargain      |       |     1 ||     1
    Use: Scroll            |     5 |     7 ||    12
         Potion            |     1 |       ||     1
 Armour: Scale mail        |    88 |    12 ||   100
         Plate armour      |       |    73 ||    73
  Dodge: Dodged            |    78 |    75 ||   153
  Block: Buckler           |    50 |    37 ||    87
